 Dungeon Crawl Stone Soup version 0.28.0-45-g0d030f2227 (webtiles) character file.

Game seed: 11256550009840391943

72 101zpm the Covered (level 4, 0/28 HPs)
             Began as a Gargoyle Fighter on Apr 7, 2022.
             Slain by a gnoll
             ... wielding a +0 spear
              (2 damage)
             ... on level 2 of the Dungeon.
             The game lasted 00:02:39 (1999 turns).

101zpm the Covered (Gargoyle Fighter)               Turns: 1999, Time: 00:02:39

Health: 0/28       AC: 10    Str: 22    XL:     4   Next: 25%
Magic:  4/4        EV:  9    Int:  8    God:
Gold:   44         SH:  4    Dex:  9    Spells: 3/3 levels left

rFire   . . .      SeeInvis .   k - +0 mace (holy)
rCold   . . .      Faith    .   c - +0 buckler
rNeg    + . .      Spirit   .   b - +0 scale mail
rPois   ∞          Reflect  .   (no helmet)
rElec   +          Harm     .   (no cloak)
rCorr   .          Rampage  .   (no gloves)
Will    .....                   (no boots)
Stlth   ..........              (no amulet)
HPRegen 0.09/turn               (no ring)
MPRegen 0.09/turn               (no ring)

@: no status effects
A: sickness immunity, AC +3, negative energy resistance 1, electricity
resistance, torment resistance 1, petrification resistance
a: no special abilities


You were on level 2 of the Dungeon.
You visited 1 branch of the dungeon, and saw 2 of its levels.

You collected 44 gold pieces.

Inventory:

Hand Weapons
 i - a +0 mace of draining
 k - a +0 mace of holy wrath (weapon)
Missiles
 f - 172 stones (quivered)
 l - 3 javelins
Armour
 b - a +0 scale mail (worn)
 c - a +0 buckler (worn)
Jewellery
 h - an amulet of guardian spirit
Scrolls
 a - a scroll of amnesia {unknown}
 e - a scroll of identify {unknown}
 g - 2 scrolls of holy word {unknown}
Potions
 d - a potion of might
 j - a potion of heal wounds {unknown}


   Skills:
 + Level 3.4 Fighting
 + Level 2.9 Maces & Flails
 + Level 4.4 Armour
 + Level 0.2 Dodging
 + Level 0.1 Stealth
 + Level 3.5 Shields


You had 3 spell levels left.
You didn't know any spells.
Your spell library contained the following spells:

 Spells                   Type           Power      Damage    Failure   Level
 Beastly Appendage        Tmut           0%         N/A       82%         1


Dungeon Overview and Level Annotations

Branches:
Dungeon (2/15)

Altars:

Shops:
D:2 *


Innate Abilities, Weirdness & Mutations

You are immune to sickness and miasma.
Your stone body is resilient. (AC +3)
You are immune to poison.
You resist negative energy. (rN+)
You are resistant to electric shocks. (rElec)
You are resistant to unholy torment.
You are immune to petrification.


Message History

You are too injured to fight recklessly!
You are too injured to fight recklessly!
You are too injured to fight recklessly!
You are too injured to fight recklessly!
You are too injured to fight recklessly!
You are too injured to fight recklessly!
You are too injured to fight recklessly!
You are too injured to fight recklessly!
You are too injured to fight recklessly!
You are too injured to fight recklessly!
You are too injured to fight recklessly!
You are too injured to fight recklessly!
You are too injured to fight recklessly!
You are too injured to fight recklessly!
You closely miss the hobgoblin. The hobgoblin barely misses you.
You hit the hobgoblin but do no damage. The hobgoblin closely misses you.
The gnoll hits you but does no damage. You block the hobgoblin's attack.
You hit the hobgoblin.
The hobgoblin is almost dead.
The gnoll hits you from afar with a +0 spear.
The hobgoblin closely misses you.
You sock the hobgoblin!
You kill the hobgoblin!
The gnoll hits you from afar with a +0 spear.
* * * LOW HITPOINT WARNING * * *
The gnoll hits you but does no damage.
You barely miss the gnoll. The gnoll hits you but does no damage.
The gnoll closely misses you.
You hit the gnoll but do no damage. The gnoll hits you but does no damage.
The gnoll hits you from afar with a +0 spear.
* * * LOW HITPOINT WARNING * * *
The gnoll hits you with a +0 club.
* * * LOW HITPOINT WARNING * * *
You barely miss the gnoll. You block the gnoll's attack.
The gnoll hits you but does no damage. The gnoll closely misses you.
You sock the gnoll!
The gnoll is severely wounded.
The gnoll hits you but does no damage.
The gnoll hits you from afar with a +0 spear.
You die...

##....<..... #.#
#.#.#. #.......#
#.# .#$..
#..)....######..
....
##.....#.........
# 88$
#...##.##########
#.#.(
##..............#
...
##..#######.##.#
######g####..#
#.##..
......)g@....#
#.####
..#...####...#
#.# ##. #####
#(#### # #....#
####.# #...#
#.#.# #.### #..††


You could see 2 gnolls.

Vanquished Creatures
  An adder (D:2)
  2 dart slugs (D:1)
  An orc (D:2)
  4 ball pythons
  3 endoplasms
  A giant cockroach (D:1)
  7 goblins
  8 hobgoblins
  3 jackals
  2 kobolds (D:1)
  3 quokkas
  6 bats (D:1)
  4 frilled lizards (D:1)
  3 rats (D:1)
48 creatures vanquished.

Notes
Turn   | Place    | Note
-------+----------+-------------------------------------------
     0 | D:1      | 101zpm the Gargoyle Fighter began the quest for the Orb.
     0 | D:1      | Reached XP level 1. HP: 14/14 MP: 1/1
   200 | D:1      | Reached XP level 2. HP: 6/19 MP: 2/2
   761 | D:1      | Reached XP level 3. HP: 22/23 MP: 3/3
   823 | D:1      | Reached skill level 4 in Armour
  1092 | D:1      | Found a faded altar of an unknown god.
  1097 | D:1      | Got Plato's Grimoire of Transformation
  1601 | D:2      | Found Optiem's Assorted Antiques.
  1687 | D:2      | Reached XP level 4. HP: 28/28 MP: 4/4
  1999 | D:2      | Slain by a gnoll

Illustrated notes

Levels and vault maps discovered:
D:1:      dpeg_arrival_morbid_curiosity, layout_basic,
          shapermc_ecumenical_altar_rom_forum, minmay_tiny_reverse_x
D:2:      minmay_angry_zag, layout_loops_ring, serial_shops,
          nicolae_shop_overgrown_old_shop, guppyfry_early_orc_mine, uniq_jessica

Skill      XL: |  1  2  3 |
---------------+----------+-----
Armour         | 4 |  4.4
Fighting       | |  3.4
Maces & Flails | |  2.9
Dodging        | |  0.2
Stealth        | |  0.1
Shields        | |  3.5

Action                   |  1- 3 |  4- 6 || total
-------------------------+-------+-------++-------
Melee: Flail             |    95 |       ||    95
       Mace              |    50 |    47 ||    97
Armor: Scale mail        |    96 |    35 ||   131
Dodge: Dodged            |    86 |    30 ||   116
Block: Buckler           |    31 |    12 ||    43
